Map: 애씨드 플랜트 - 래더

Players

ShoWTimE - Winner!

  • Race: Protoss Protoss
  • Spawn Location: 5:00

Rogue

  • Race: Zerg Zerg
  • Spawn Location: 11:00

Event: HomeStory Cup XVIII

VOD

Have the link to the VOD?

Description

Time

  • Played on: Nov. 22, 2018, 8:05 a.m.
  • Length: 11:39

All games in this series

Show
View Real Time Build Order
Export as new Build Order

ShoWTimE Protoss - Winner!

Build Orders: 1 Gate Expand, Oracle Opening, Phoenix Opening, Chargelot Immortal, Mass Phoenix 

Get SALT Encoding   

  12  0:00  Probe  
  13  0:12  Probe  
  14  0:18  Pylon  
  14  0:24  Probe  
  15  0:32  Probe  
  15  0:40  Probe  
  16  0:42  Gateway  
  16  0:46  Assimilator  
  17  0:51  Probe  
  18  1:03  Probe  
  19  1:15  Probe  
  20  1:24  Nexus  
  20  1:35  Cybernetics Core  
  20  1:38  Probe  
  21  1:43  Assimilator  
  21  1:50  Probe  
  21  1:52  Pylon  
  22  2:02  Adept, Probe  
  23  2:14  Probe  
  26  2:16  Stargate  
  26  2:22  Warp Gate  
  26  2:26  Probe  
  26  2:28  Adept  
  29  2:32  Probe  
  29  2:34  Probe  
  30  2:40  Probe  
  30  2:42  Probe  
  31  2:50  Probe  
  33  2:52  Probe  
  33  2:54  Phoenix  
  35  3:02  Probe  
  35  3:04  Probe  
  35  3:05  Adept  
  41  3:11  Pylon  
  41  3:15  Probe  
  41  3:16  Oracle  
  41  3:17  Probe  
  46  3:27  Gateway  
  46  3:29  Probe  
  46  3:31  Probe  
  48  3:37  Assimilator  
  48  3:39  Assimilator  
  48  3:41  Probe  
  48  3:44  Probe  
  48  3:45  Pylon  
  50  3:52  Stargate, Probe  
  51  3:56  Probe  
  51  4:00  Probe  
  52  4:04  Phoenix  
  52  4:08  Probe  
  52  4:09  Probe  
  56  4:13  Pylon  
  57  4:20  Probe  
  58  4:28  Adept x2  
  58  4:31  Phoenix  
  64  4:35  Twilight Council  
  64  4:37  Phoenix  
  64  4:38  Pylon  
  66  4:49  Phoenix  
  66  4:52  Pylon, Resonating Glaives  
  66  4:54  Phoenix  
  68  5:03  Nexus  
  70  5:10  Probe x2  
  70  5:12  Phoenix  
  72  5:17  Shield Battery  
  74  5:24  Phoenix  
  74  5:27  Adept  
  78  5:29  Pylon  
  78  5:30  Adept  
  78  5:32  Probe  
  78  5:34  Probe  
  82  5:54  Probe  
  82  5:57  Adept x2  
  85  6:00  Robotics Facility x2  
  85  6:01  Probe  
  85  6:04  Pylon  
  88  6:06  Pylon, Probe  
  89  6:13  Probe  
  89  6:15  Probe  
  89  6:18  Probe  
  92  6:22  Stalker x2  
  92  6:25  Probe  
  96  6:27  Probe  
  96  6:30  Probe  
  98  6:37  Probe  
  98  6:39  Pylon, Warp Prism, Probe  
  100  6:42  Charge, Probe  
  100  6:44  Observer  
  100  6:45  Adept x2  
  105  6:49  Probe  
  105  6:51  Probe  
  110  6:54  Probe  
  110  6:56  Forge  
  110  6:59  Immortal  
  111  7:01  Probe  
  111  7:03  Probe  
  111  7:05  Assimilator  
  111  7:06  Probe  
  111  7:07  Assimilator  
  118  7:13  Probe  
  118  7:14  Immortal  
  123  7:16  Probe  
  123  7:18  Probe  
  123  7:22  Gateway  
  125  7:25  Gateway  
  125  7:27  Probe  
  117  7:38  Immortal  
  117  7:43  Immortal  
  117  7:44  Sentry x2  
  123  7:49  Gateway  
  114  7:51  Gateway  
  114  7:54  Gateway  
  114  7:56  Pylon  
  114  8:01  Protoss Ground Weapons Level 1  
  114  8:04  Templar Archives  
  114  8:06  Gateway  
  114  8:10  Immortal  
  114  8:13  Immortal  
  114  8:19  Pylon  
  118  8:20  Pylon  
  118  8:23  Psionic Storm  
  118  8:25  Zealot x4  
  130  8:40  Pylon  
  130  8:41  Nexus  
  130  8:42  Pylon  
  130  8:47  High Templar x2, Immortal  
  134  8:54  Pylon  
  138  8:55  High Templar  
  138  9:00  High Templar  
  140  9:05  Photon Cannon  
  140  9:06  Shield Battery  
  140  9:08  Shield Battery, Photon Cannon  
  140  9:09  Photon Cannon  
  140  9:10  Photon Cannon  
  140  9:12  Pylon  
  140  9:13  High Templar  
  142  9:19  Immortal x2  
  142  9:22  Probe x3  
  145  9:26  Pylon  
  153  9:32  High Templar  
  153  9:34  Zealot x2, Probe  
  160  9:47  Zealot x2  
  160  9:48  Zealot  
  166  9:58  Immortal  
  166  9:59  Immortal  
  172  10:01  Assimilator  
  172  10:02  Photon Cannon  
  172  10:05  Assimilator  
  172  10:11  Zealot x3  
  178  10:34  Fleet Beacon  
  175  10:38  Zealot x8  
  187  10:44  Stargate  
  185  10:50  Immortal  
  177  11:10  Zealot x2  
  177  11:11  Zealot x6  
  176  11:38  Zealot  
Show
View Real Time Build Order
Export as new Build Order

Rogue Zerg 

Build Orders: Hatch First, Roach Hydra, Swarm Host 

Get SALT Encoding   

  12  0:00  Drone  
  13  0:12  Overlord  
  13  0:16  Drone  
  14  0:30  Drone x2  
  16  0:48  Hatchery  
  15  0:50  Drone  
  15  0:54  Drone  
  17  0:58  Drone  
  18  1:08  Extractor  
  17  1:13  Spawning Pool  
  17  1:17  Drone  
  17  1:20  Drone  
  18  1:28  Drone  
  19  1:40  Drone  
  20  1:47  Hatchery  
  20  1:50  Drone  
  20  2:00  Queen  
  22  2:05  Drone  
  22  2:08  Drone  
  24  2:15  Drone x2  
  26  2:20  Metabolic Boost  
  26  2:25  Overlord  
  26  2:30  Zergling x2  
  26  2:32  Zergling x2  
  28  2:43  Queen, Zergling x2  
  31  2:47  Queen  
  31  2:50  Drone  
  34  2:52  Drone  
  34  2:53  Drone  
  36  3:01  Queen  
  36  3:05  Overlord  
  38  3:10  Drone  
  38  3:11  Drone  
  38  3:12  Drone  
  41  3:14  Drone  
  41  3:18  Overlord  
  42  3:22  Overlord  
  42  3:27  Queen  
  42  3:30  Drone  
  42  3:31  Drone  
  42  3:33  Drone  
  47  3:35  Drone  
  47  3:37  Drone  
  47  3:40  Drone  
  50  3:44  Spore Crawler  
  49  3:48  Spore Crawler  
  49  3:51  Drone x3  
  49  3:55  Drone x3  
  54  3:57  Overlord  
  54  4:05  Drone x2  
  54  4:06  Drone x2  
  58  4:12  Overlord x2  
  58  4:17  Drone x2  
  58  4:18  Drone x3  
  61  4:24  Roach Warren  
  61  4:27  Drone x2  
  61  4:29  Drone  
  63  4:34  Lair  
  63  4:35  Drone x3  
  66  4:38  Extractor  
  66  4:39  Extractor  
  66  4:40  Drone  
  66  4:42  Spore Crawler  
  63  4:46  Drone x4  
  63  4:48  Overlord  
  63  4:51  Drone x3  
  70  4:57  Drone x3  
  70  4:59  Extractor  
  72  5:00  Extractor  
  72  5:02  Drone  
  72  5:03  Drone x3  
  72  5:06  Overlord x2  
  77  5:14  Roach x4  
  77  5:15  Roach  
  77  5:17  Roach  
  87  5:25  Roach  
  87  5:26  Evolution Chamber, Roach x2  
  92  5:33  Glial Reconstitution  
  92  5:35  Drone x3  
  95  5:37  Extractor  
  95  5:38  Overlord x2  
  95  5:40  Hydralisk Den  
  95  5:41  Drone x3  
  96  5:45  Spore Crawler  
  96  5:46  Spore Crawler  
  92  5:50  Spore Crawler x2  
  92  5:51  Drone x2  
  92  5:52  Drone  
  89  5:57  Drone x3  
  92  6:05  Drone  
  92  6:06  Zerg Missile Weapons Level 1  
  92  6:07  Drone x3  
  92  6:08  Drone x2  
  98  6:15  Drone x5  
  102  6:30  Overlord  
  102  6:31  Overlord x3  
  102  6:34  Hatchery  
  96  6:44  Overlord  
  96  6:46  Grooved Spines  
  92  6:54  Hydralisk x8  
  92  6:58  Hydralisk x2  
  92  7:00  Hydralisk  
  114  7:06  Hydralisk x3  
  120  7:10  Roach x2  
  124  7:17  Roach x4  
  124  7:22  Roach x2  
  114  7:30  Roach x4  
  114  7:36  Roach x3  
  108  7:43  Drone x6  
  99  7:52  Drone x4  
  99  7:55  Drone x3  
  103  8:03  Queen  
  105  8:07  Zergling x2  
  105  8:08  Zergling x8  
  106  8:15  Spore Crawler  
  102  8:21  Hydralisk x6  
  102  8:26  Hydralisk  
  102  8:27  Hydralisk x2  
  114  8:32  Drone x2  
  122  8:37  Hydralisk x3  
  127  8:41  Drone  
  127  8:48  Drone x4  
  130  8:49  Drone x4  
  130  8:53  Muscular Augments  
  131  9:04  Zerg Missile Weapons Level 2  
  131  9:09  Hydralisk x4  
  133  9:13  Infestation Pit  
  138  9:19  Extractor  
  138  9:20  Extractor  
  138  9:21  Overlord x2  
  137  9:24  Drone x5  
  137  9:26  Zergling x8  
  145  9:38  Overlord  
  145  9:43  Roach x8  
  145  9:45  Overlord  
  155  9:48  Ravager  
  155  9:49  Ravager  
  157  10:03  Roach x5  
  157  10:04  Roach x6  
  175  10:12  Drone x3  
  177  10:26  Overseer  
  177  10:28  Overlord  
  177  10:34  Swarm Host x4  
  189  10:39  Overlord  
  184  10:45  Swarm Host x2  
  184  10:46  Swarm Host x4  
  184  10:48  Swarm Host  
  200  10:54  Spire  
  193  10:58  Drone, Spine Crawler x2  
  193  10:59  Drone x2  
  193  11:01  Spine Crawler, Swarm Host x3  
  192  11:07  Zergling x10  
  192  11:11  Drone x2  
  192  11:16  Roach  
  182  11:20  Zergling x4  
  182  11:21  Zergling x12  
Tags
 
Add a new tag
Caveats
  • Supply blocks, unpowered buildings, or Contaminate may cause inaccurate times.
  • Supply counts are checked every 10 seconds.